 Dungeon Crawl Stone Soup version 0.28.0-45-g0d030f2227 (webtiles) character file.

Game seed: 2893082622192825642

22950 powzer the Protected (level 12, -2/107 HPs)
             Began as a Minotaur Berserker on Apr 23, 2022.
             Was a High Priest of Trog.
             Slain by a 12-headed hydra (12 damage)
             ... on level 2 of the Lair of Beasts.
             The game lasted 02:18:14 (14478 turns).

powzer the Protected (Minotaur Berserker)          Turns: 14478, Time: 02:18:15

Health: -2/107     AC: 17    Str: 38    XL:     12   Next: 67%
Magic:  11/11      EV:  9    Int:  4    God:    Trog [*****.]
Gold:   1030       SH: 10    Dex: 11    Spells: 11/11 levels left

rFire   . . .      SeeInvis .   H - +6 hand axe (chaos)
rCold   . . .      Faith    +   J - +0 kite shield
rNeg    . . .      Spirit   .   a - +0 plate armour
rPois   .          Reflect  .   (helmet restricted)
rElec   .          Harm     .   (no cloak)
rCorr   .          Rampage  .   D - +0 pair of gloves
Will    .....                   (no boots)
Stlth   ..........              n - amulet of faith
HPRegen 0.27/turn               j - ring of Zyif {Str+6 Stlth+}
MPRegen 0.12/turn               N - +6 ring of strength

@: on berserk cooldown, slowed, very slow
A: horns 2, retaliatory headbutt
a: Renounce Religion, Berserk, Trog's Hand, Brothers in Arms


You were on level 2 of the Lair of Beasts.
You worshipped Trog.
Trog was extremely pleased with you.
You visited 3 branches of the dungeon, and saw 16 of its levels.

You collected 1142 gold pieces.
You spent 112 gold pieces at shops.

Inventory:

Hand Weapons
 H - a +6 hand axe of chaos (weapon)
Missiles
 c - 365 stones
 i - 4 javelins
 o - 24 poisoned darts (quivered)
 O - 4 curare-tipped darts
 P - 4 boomerangs
Armour
 a - a +0 plate armour (worn)
 D - a +0 pair of gloves (worn)
 J - a +0 kite shield (worn)
Jewellery
 j - the ring of Zyif (left hand) {Str+6 Stlth+}
   (You found it on level 4 of the Dungeon)

   [ring of strength]

   Str:       It affects your strength (+6).
   Stlth:     It makes you more stealthy.
 n - an amulet of faith (around neck)
 z - a ring of ice
 N - a +6 ring of strength (right hand)
Wands
 t - a wand of paralysis (3)
 K - a wand of iceblast (2)
 Q - a wand of flame (19)
Scrolls
 b - 2 scrolls of immolation
 d - 3 scrolls of magic mapping
 g - a scroll of silence
 h - a scroll of identify
 k - 7 scrolls of teleportation
 l - 2 scrolls of torment
 p - 2 scrolls of fog
 y - a scroll of amnesia
 A - 2 scrolls of holy word
 B - 2 scrolls of enchant armour
 E - a scroll of noise
 I - 2 scrolls of enchant weapon
 M - 2 scrolls of fear
 R - a scroll of vulnerability
Potions
 f - 5 potions of curing
 m - 6 potions of lignification
 q - a potion of heal wounds {unknown}
 r - 2 potions of berserk rage {unknown}
 s - a potion of resistance {unknown}
 u - 3 potions of haste {unknown}
 v - a potion of flight {unknown}
 w - 2 potions of degeneration {unknown}
 x - 3 potions of magic {unknown}
 C - a potion of attraction {unknown}
 F - 3 potions of brilliance {unknown}
 G - a potion of mutation {unknown}
 L - 3 potions of ambrosia


   Skills:
 + Level 10.3 Fighting
 + Level 12.3(13.2) Axes
 + Level 8.1(11.2) Polearms
 + Level 7.0 Throwing
 + Level 14.0 Armour
 + Level 4.3 Dodging
 - Level 1.0 Stealth
 * Level 9.2 Shields


You had 11 spell levels left.
You didn't know any spells.
Your spell library was empty.

Dungeon Overview and Level Annotations

Branches:
Dungeon (11/15)            Temple (0/1) D:5            Lair (3/6) D:9
    Orc (2/2) D:10
  Swamp: Lair:2-4    Shoals: Lair:2-4     Snake: Lair:2-4    Spider: Lair:2-4
    Elf: Orc:2

Altars:
Ashenzari
Cheibriados
Dithmenos
Gozag
Hepliaklqana
Kikubaaqudgha
Okawaru
Ru
Trog
Wu Jian
Xom
Yredelemnul
Zin
Beogh

Shops:
D:6 *   D:10 (   Orc:1 !   Orc:2 *

Annotations:
D:10 1 transporter
D:11 2 transporters, osoart's ghost, journeyman MiGl
Lair:2 exclusion: 4 oklob plants


Innate Abilities, Weirdness & Mutations

You have a pair of horns on your head.
You reflexively headbutt those who attack you in melee.


Message History

You feel yourself moving faster!
You feel mighty!
The 11-headed hydra bites you but does no damage.
You block the 11-headed hydra's attack. x2
The 11-headed hydra barely misses you. You block the 11-headed hydra's attack.
The 11-headed hydra closely misses you. x2
The 11-headed hydra barely misses you. You block the 11-headed hydra's attack.
The 11-headed hydra barely misses you. You block the 11-headed hydra's attack.
You hack one of the 11-headed hydra's heads off!
The ten-headed hydra grows two more!
You slice the 12-headed hydra!!
You feel better.
The 12-headed hydra is moderately wounded.
The 12-headed hydra closely misses you. The 12-headed hydra bites you! x2
The 12-headed hydra barely misses you. x2
You block the 12-headed hydra's attack. The 12-headed hydra barely misses you.
The 12-headed hydra bites you.
The 12-headed hydra bites you but does no damage.
The 12-headed hydra bites you! x2; You block the 12-headed hydra's attack.
You feel a strong urge to attack something.
You feel your anger nearly subside.
You are no longer berserk.
You are exhausted.
You feel yourself slow down.
Throw: 25 darts (poison)
Press: ? - help, Q - select action, (/) - cycle Shift-Dir - straight line, f/p - 12-headed hydra
Aim: a 12-headed hydra (moderately wounded, very poisoned, 81% to hit)
You throw a poisoned dart.
The poisoned dart hits the 12-headed hydra.
The 12-headed hydra is moderately wounded.
You block the 12-headed hydra's attack. x2
The 12-headed hydra bites you but does no damage.
The 12-headed hydra bites you! The 12-headed hydra misses you.
The 12-headed hydra bites you but does no damage.
The 12-headed hydra barely misses you. The 12-headed hydra bites you.
* * * LOW HITPOINT WARNING * * *
You block the 12-headed hydra's attack. The 12-headed hydra bites you!
* * * LOW HITPOINT WARNING * * *
You block the 12-headed hydra's attack. The 12-headed hydra bites you!
* * * LOW HITPOINT WARNING * * *
The 12-headed hydra bites you!
You die...

....##### ######.....##
.≈≈.....## #..#........#
≈≈♣......### #...........#
≈≈♣≈≈......# ##..........#
.P.≈♣♣....## #....).....##
P...≈≈♣...## ###.........#
......♣♣...# ##.<......##
:.....≈≈...###
##..#.##..##
.....≈≈≈...#.###@#####.#.#
)|...≈♣P..###.#D## ###.#
.....♣≈..####..## ###
....P♣P..###...#
...≈≈≈....#...##
..≈♣≈....(...##
≈♣≈≈......#### ..≈......##
.........#


You could see a 12-headed hydra (poisoned).

Vanquished Creatures
  The ghost of osinmv the Brawler, a journeyman TrMo of the Shining One (Lair:1)
  4 two-headed ogres
  An orc high priest (Orc:1)
  Sonja (D:10)
  An ugly thing (D:11)
  A cyclops (D:11)
  An orc sorcerer (Orc:1)
  4 black mambas (Lair:2)
  4 elephants (Lair:2)
  2 komodo dragons
  2 kobold demonologists (D:11)
  5 cane toads
  A rime drake (Lair:2)
  A troll (D:9)
  2 blink frogs (Lair:2)
  2 slime creatures (D:10)
  A hornet (D:11)
  Grinder (D:6)
  2 wraiths (D:11)
  3 wyverns (Lair:2)
  14 yaks
  4 basilisks (Lair:2)
  A steam dragon (D:10)
  An acid dragon (D:11)
  7 water moccasins
  Duvessa (D:4)
  An ice beast (D:7)
  12 orc warriors
  3 black bears
  2 wolves (Lair:2)
  4 ogres
  A necrophage (D:7)
  3 centaurs
  4 kobold brigands
  6 bullfrogs
  A wyvern skeleton (D:7)
  Dowan (D:4)
  5 wights (D:7)
  32 killer bees
  2 electric eels (Lair:3)
  4 centaur zombies
  Crazy Yiuf (D:6)
  5 hounds
  A jelly (D:6)
  A gnoll shaman (D:7)
  6 orc priests
  A bullfrog skeleton (D:4)
  An iguana (D:5)
  7 orc wizards
  A killer bee zombie (D:7)
  A hound skeleton (D:4)
  2 howler monkey zombies
  9 gnolls
  2 howler monkey skeletons
  7 adders
  4 river rats (Lair:2)
  A shadow imp (D:7)
  A white imp (D:6)
  2 dart slugs
  54 orcs
  4 endoplasms
  4 giant cockroaches
  8 hobgoblins
  19 kobolds
  4 quokkas
  13 ball pythons
  4 bats
  A frilled lizard (D:3)
  5 goblins
  A quokka skeleton (D:4)
  5 rats
  4 bushes
328 creatures vanquished.

Vanquished Creatures (others)
  A kobold brigand (D:9)
  2 gnoll sergeants (D:9)
  A bullfrog (D:9)
  A killer bee (D:9)
  A centaur zombie (D:9)
  32 fungi
  62 plants
100 creatures vanquished.

Grand Total: 428 creatures vanquished

Notes
Turn   | Place    | Note
-------+----------+-------------------------------------------
     0 | D:1      | powzer the Minotaur Berserker began the quest for the Orb.
     0 | D:1      | Reached XP level 1. HP: 19/19 MP: 0/0
   207 | D:1      | Reached XP level 2. HP: 19/27 MP: 1/1
   285 | D:1      | Noticed a golden eye
   287 | D:1      | Found a faded altar of an unknown god.
   289 | D:1      | Noticed an eye of devastation
   290 | D:1      | Noticed an eye of devastation
   290 | D:1      | Noticed an eye of devastation
   521 | D:1      | Reached ** piety under Trog
   949 | D:1      | Reached XP level 3. HP: 33/33 MP: 2/2
  2329 | D:3      | Reached skill level 5 in Axes
  2329 | D:3      | Reached XP level 4. HP: 38/41 MP: 3/3
  2867 | D:4      | Reached XP level 5. HP: 16/47 MP: 4/4
  2949 | D:4      | Noticed an ogre
  2965 | D:4      | Killed an ogre
  2966 | D:4      | Reached skill level 5 in Fighting
  2966 | D:4      | Reached skill level 3 in Armour
  2988 | D:4      | Reached *** piety under Trog
  2989 | D:4      | Reached XP level 6. HP: 16/56 MP: 5/5
  3100 | D:4      | Identified the +1 quarterstaff of the Several Servitors
                  | {venom, Dex+3}
  3347 | D:4      | Identified the ring of Zyif {Str+6 Stlth+}
  3449 | D:4      | Found an opulent altar of Gozag.
  3450 | D:4      | Found an ornate altar of the Wu Jian Council.
  3451 | D:4      | Found a snail-covered altar of Cheibriados.
  3452 | D:4      | Found a glowing silver altar of Zin.
  3452 | D:4      | Found an ancient bone altar of Kikubaaqudgha.
  3453 | D:4      | Noticed Dowan
  3460 | D:4      | Noticed Duvessa
  3463 | D:4      | Killed Dowan
  3471 | D:4      | Killed Duvessa
  3472 | D:4      | Reached skill level 1 in Throwing
  3472 | D:4      | Reached skill level 4 in Armour
  3484 | D:4      | Found an iron altar of Okawaru.
  3484 | D:4      | Found a shadowy altar of Dithmenos.
  3796 | D:5      | Entered Level 5 of the Dungeon
  3834 | D:5      | Reached XP level 7. HP: 33/61 MP: 6/6
  3915 | D:5      | Found a sacrificial altar of Ru.
  4145 | D:5      | Reached skill level 5 in Armour
  4209 | D:5      | Found a staircase to the Ecumenical Temple.
  4248 | D:5      | Identified the +2 robe of Zeapt {rC+}
  4363 | D:5      | Found a bloodstained altar of Trog.
  4394 | D:5      | Found a broken altar of Ashenzari.
  4685 | D:6      | Reached **** piety under Trog
  4698 | D:6      | Found Futo's General Store.
  4701 | D:6      | Bought a scroll of enchant weapon for 112 gold pieces
  4737 | D:6      | Noticed Grinder
  4747 | D:6      | Reached skill level 1 in Polearms
  4758 | D:6      | Paralysed by Grinder for 5 turns
  4764 | D:6      | Killed Grinder
  4765 | D:6      | Reached skill level 6 in Armour
  4765 | D:6      | Reached XP level 8. HP: 62/70 MP: 7/7
  5057 | D:6      | Found a runed translucent door.
  5058 | D:6      | Noticed Crazy Yiuf
  5065 | D:6      | Killed Crazy Yiuf
  5725 | D:7      | Reached skill level 5 in Polearms
  5725 | D:7      | Reached skill level 7 in Armour
  6103 | D:7      | Reached XP level 9. HP: 72/78 MP: 8/8
  6139 | D:7      | Reached skill level 8 in Armour
  6389 | D:8      | Found a basalt altar of Yredelemnul.
  6819 | D:8      | Found a hazy altar of Hepliaklqana.
  6830 | D:8      | Identified the +1 dagger "Mofak" {venom, Fragile rC+ rN++
                  | MP+9}
  6957 | D:9      | Noticed a two-headed ogre
  6961 | D:9      | Killed a two-headed ogre
  6962 | D:9      | Reached skill level 9 in Armour
  7107 | D:9      | Noticed a troll
  7113 | D:9      | Killed a troll
  7181 | D:9      | Found a shimmering altar of Xom.
  7181 | D:9      | Noticed a two-headed ogre
  7186 | D:9      | Killed a two-headed ogre
  7187 | D:9      | Reached skill level 10 in Armour
  7228 | D:9      | Found a staircase to the Lair.
  7375 | D:9      | Reached ***** piety under Trog
  7748 | Lair:1   | Entered Level 1 of the Lair of Beasts
  7761 | Lair:1   | Noticed a komodo dragon
  7772 | Lair:1   | Killed a komodo dragon
  7773 | Lair:1   | Reached skill level 1 in Shields
  7773 | Lair:1   | Reached XP level 10. HP: 76/86 MP: 9/9
  8058 | Lair:1   | Found a runed translucent gate.
  8058 | Lair:1   | Found a runed translucent gate.
  8058 | Lair:1   | Found a runed translucent gate.
  8551 | Lair:1   | Noticed osinmv's ghost (journeyman TrMo)
  8652 | Lair:2   | Noticed a black mamba
  8663 | Lair:2   | Killed a black mamba
  8664 | Lair:2   | Reached skill level 5 in Throwing
  8664 | Lair:2   | Reached skill level 11 in Armour
  9075 | Lair:2   | Noticed a cane toad
  9206 | Lair:2   | Noticed a cane toad
  9211 | Lair:2   | Killed a cane toad
  9360 | Lair:2   | Reached skill level 12 in Armour
  9456 | Lair:2   | Reached XP level 11. HP: 74/95 MP: 10/10
  9511 | Lair:2   | Received a gift from Trog
  9543 | Lair:2   | Reached skill level 5 in Shields
  9847 | Lair:2   | Reached skill level 10 in Axes
 10432 | Lair:2   | Noticed an oklob plant
 10434 | Lair:2   | Noticed an oklob plant
 10484 | Lair:2   | Noticed an oklob plant
 10484 | Lair:2   | Noticed an oklob plant
 10704 | Lair:1   | Killed osinmv's ghost
 10705 | Lair:1   | Reached skill level 13 in Armour
 11078 | D:10     | Entered Level 10 of the Dungeon
 11088 | D:10     | Reached XP level 12. HP: 60/105 MP: 11/11
 11331 | D:10     | Found a transporter.
 11338 | D:10     | Found a transporter.
 11483 | D:10     | Noticed Sonja
 11502 | D:10     | Killed Sonja
 11577 | D:10     | Found a staircase to the Orcish Mines.
 11577 | D:10     | Found Yxkogabi's Weapon Shop.
 11623 | D:10     | Found a transporter.
 11734 | D:10     | Found a transporter.
 11801 | D:10     | Found a transporter.
 11802 | D:10     | Found a transporter.
 11990 | Orc:1    | Entered Level 1 of the Orcish Mines
 12164 | Orc:1    | Found Joliosid's Distillery.
 12330 | Orc:1    | Noticed an orc high priest
 12670 | Orc:1    | Killed an orc high priest
 12671 | Orc:1    | Reached skill level 1 in Stealth
 12890 | Orc:2    | Entered Level 2 of the Orcish Mines
 12891 | Orc:2    | Found Daulunk's Assorted Antiques.
 12911 | Orc:2    | Noticed an orc warlord
 13147 | D:11     | Noticed a two-headed ogre
 13152 | D:11     | Killed a two-headed ogre
 13153 | D:11     | Reached skill level 10 in Fighting
 13227 | D:11     | Noticed a two-headed ogre
 13237 | D:11     | Killed a two-headed ogre
 13787 | D:11     | Found a transporter.
 13787 | D:11     | Noticed osoart's ghost (journeyman MiGl)
 13787 | D:11     | Noticed an eight-headed hydra
 13789 | D:11     | Noticed a two-headed ogre
 13804 | D:11     | Found a transporter.
 14064 | D:11     | Reached skill level 14 in Armour
 14363 | Lair:3   | Noticed an eight-headed hydra
 14478 | Lair:2   | Slain by a 12-headed hydra

Illustrated notes

Levels and vault maps discovered:
D:1:      wheals_arrival_shading, layout_basic,
          hellmonk_ecumenical_altar_watching_god
D:2:      layout_basic, roderic_roman_lattice
D:3:      layout_loops_ring, minmay_vboxes
D:4:      layout_loops_ring, grunt_temple_overflow_open, minmay_bent,
          uniq_duvessa
D:5:      layout_basic, lemuel_coloured_pillars_altar,
          mainiacjoe_overflow_large_starburst, minmay_temple_entry_slanted
D:6:      layout_basic, serial_shops, nicolae_shop_behind_doors,
          uniq_crazy_yiuf_cottage, uniq_grinder
D:7:      layout_rooms
D:8:      layout_basic, mainiacjoe_overflow_tiny_flanked,
          mainiacjoe_overflow_cross_hatched
D:9:      layout_roguey, xom_confusion_cloud, lair_entry_dummy
D:10:     layout_loops_ring, orc_david_3, serial_nicolae_subway,
          nicolae_sub_station_metal, nicolae_sub_station_stone,
          nicolae_sub_station_crystal, uniq_sonja
D:11:     layout_basic, gammafunk_ghost_arena
Lair:1:   layout_chaotic_city, ebering_ghost_rock_garden
Lair:2:   hangedman_what_comes_after_a, layout_cave_pods,
          nicolae_lair_grazing_beasts [nicolae_sub_lair_graze_edge,
          nicolae_sub_lair_graze_edge, nicolae_sub_lair_graze_edge,
          nicolae_sub_lair_graze_edge]
Lair:3:   layout_gridlike, minmay_shoals_entry_hut,
          minmay_snake_entry_guardpost_small
Orc:1:    layout_caves, serial_shops, shop, bh_open_orc_temple
Orc:2:    st_orc_mages, layout_caves, serial_shops, nicolae_shop_stone, shop,
          shop, shop, uniq_jorgrun

Skill      XL: |  1  2  3  4  5  6  7  8  9 10 11 12 |
---------------+-------------------------------------+-----
Axes           | 4 5 6 7 9 11 12 | 12.3
Fighting       | 4 5 6 7 8 9 10 | 10.3
Dodging        | 3 4 |  4.3
Armour         | 3 4 6 7 10 12 13 14 | 14.0
Throwing       | 1 2 4 5 6 7 |  7.0
Polearms       | 2 6 8 |  8.1
Shields        | 1 4 7 9 |  9.2
Stealth        | 1 |  1.0

Action                   |  1- 3 |  4- 6 |  7- 9 | 10-12 || total
-------------------------+-------+-------+-------+-------++-------
Melee: Hand axe          |    99 |    83 |    44 |   712 ||   938
       Headbutt          |    11 |    15 |    33 |   210 ||   269
       Punch             |     1 |       |     6 |       ||     7
       Spear             |       |    23 |   191 |       ||   214
Throw: Stone             |     9 |    28 |     7 |    83 ||   127
       Boomerang         |       |       |    46 |    45 ||    91
       Dart              |       |       |       |     8 ||     8
Invok: Berserk           |       |     3 |     2 |    15 ||    20
       Trog's Hand       |       |       |     1 |     4 ||     5
Evoke: Wand              |       |       |       |     1 ||     1
  Use: Scroll            |       |       |    10 |    12 ||    22
       Potion            |       |       |       |     5 ||     5
Armor: Animal skin       |    12 |       |       |       ||    12
       Leather armour    |    10 |     6 |       |       ||    16
       Scale mail        |       |    11 |       |       ||    11
       Plate armour      |       |     9 |   100 |   257 ||   366
       Skin              |       |       |       |    15 ||    15
Dodge: Dodged            |    62 |    50 |    77 |   173 ||   362
Block: Kite shield       |       |       |     3 |   201 ||   204
